Map: Templo Congelado

Players

TheZergLord - Winner!

  • Race: Zerg Zerg
  • League: Master

KingSlayer

  • Race: Protoss Protoss
  • League: Master

VOD

Have the link to the VOD?

Description

Time

  • Played on: May 5, 2016, 12:44 p.m.
  • Length: 4:00
Show
View Real Time Build Order
Export as new Build Order

TheZergLord Zerg - Winner!

Build Orders: Pool First 

Get SALT Encoding   

  12  0:01  Drone  
  13  0:14  Overlord  
  13  0:18  Drone  
  14  0:33  Drone x2  
  16  0:36  Drone  
  17  0:54  Spawning Pool  
  17  0:55  Extractor  
  17  0:56  Drone  
  16  0:58  Drone  
  17  1:11  Drone  
  18  1:22  Drone  
  19  1:27  Hatchery  
  19  1:30  Drone  
  19  1:41  Queen  
  19  1:45  Zergling x2  
  22  1:54  Metabolic Boost  
  22  1:58  Overlord  
  22  2:09  Roach Warren  
  22  2:12  Drone  
  22  2:18  Overlord  
  22  2:52  Roach x3  
  22  2:53  Roach x3  
  22  2:57  Overlord  
  34  3:00  Roach  
  36  3:08  Roach  
  38  3:15  Zergling x4  
  38  3:16  Zergling x2  
  40  3:35  Zergling x8  
  40  3:38  Overlord  
  40  3:39  Zergling x2  
Show
View Real Time Build Order
Export as new Build Order

KingSlayer Protoss 

Build Orders: Nexus First 

Get SALT Encoding   

  12  0:00  Probe (Chrono Boost)  
  13  0:11  Probe (Chrono Boost)  
  14  0:17  Pylon  
  14  0:22  Probe (Chrono Boost)  
  15  0:35  Probe (Chrono Boost)  
  16  0:45  Probe (Chrono Boost)  
  17  1:03  Nexus  
  17  1:07  Pylon  
  17  1:16  Probe (Chrono Boost)  
  17  1:18  Pylon  
  18  1:30  Gateway  
  19  1:32  Probe (Chrono Boost)  
  19  1:40  Assimilator x2  
  19  1:43  Probe (Chrono Boost)  
  20  1:53  Gateway  
  20  1:55  Probe (Chrono Boost)  
  21  2:05  Probe (Chrono Boost)  
  22  2:16  Probe (Chrono Boost)  
  22  2:20  Cybernetics Core, Zealot  
  25  2:24  Probe (Chrono Boost)  
  25  2:26  Probe (Chrono Boost)  
  27  2:34  Probe (Chrono Boost)  
  29  2:37  Probe (Chrono Boost)  
  29  2:45  Probe (Chrono Boost)  
  29  2:46  Pylon  
  29  2:47  Probe (Chrono Boost)  
  31  2:55  Probe (Chrono Boost)  
  31  2:58  Probe (Chrono Boost)  
  33  2:59  Stalker (Chrono Boost)  
  35  3:08  Probe (Chrono Boost)  
  35  3:11  Mothership Core (Chrono Boost)  
  38  3:14  Sentry (Chrono Boost)  
  38  3:19  Probe  
  41  3:31  Probe  
  41  3:32  Probe  
  43  3:43  Probe  
  43  3:44  Probe  
  45  3:51  Nexus  
Tags
 
Add a new tag
Caveats
  • Supply blocks, unpowered buildings, or Contaminate may cause inaccurate times.
  • Supply counts are checked every 10 seconds.